cohdb
Replays
Latest Replays
All Replays
Popular Replays
Top Player Replays
Match Explorer
How It Works
Community
CoH3 Stats
Reddit
Sign in to upload your games and track your stats! →
Sign in with Steam
Match 42904205
Unlisted
Match 42904205
Overview
Messages
Build Orders
End
Selects Italian Coastal Battlegroup
Selects Coastal Reserves
Coastal Reserve
Coastal Reserve
Coastal Reserve
Coastal Reserve
Selects Artillery Officer
MG 42 Bunker
Artillery Officer
MG 42 Bunker
Construct Infanterie Kompanie
MG 42 Bunker
Construct Panzergrenadier Kompanie
Selects Support Bunkers
Construct Luftwaffe Kompanie
Selects Rapid Fortifications
Medical Bunker
Jäger Squad
Jäger Squad
Selects Bulwark
Rapid Fortifications
Support Elements
Jäger Squad
Rapid Fortifications
Selects Obice da 210/22 Artillery Emplacement
城南抠鼻老汉
Ozrealix
PenikmatKopi
GHOZTG
Kabain
Wunvy
DontTread0nMe
直世界奇观
0
0
Comments
sign in to comment!
No comments posted yet!